 Dungeon Crawl Stone Soup version 0.15-a0-1854-g6489380 (webtiles) character file.

210 Moloch the Stinger (level 5, -1/38 HPs)
             Began as a Draconian Venom Mage on July 2, 2014.
             Was an Initiate of Dithmenos.
             Slain by a sky beast (5 damage)
             ... on Level 3 of the Dungeon.
             The game lasted 00:36:21 (3124 turns).

Moloch the Stinger (Draconian Venom Mage)           Turns: 3124, Time: 00:36:22

HP  -1/38        AC  7     Str 11      XL: 5   Next: 57%
MP   7/11        EV 12     Int 16      God: Dithmenos [......]
Gold 151         SH  0     Dex 11      Spells:  1 memorised,  9 levels left

rFire  . . .     SeeInvis .     a - +0 dagger
rCold  . . .     Clarity  .     (armour unavailable)
rNeg   . . .     rCorr    .     (no shield)
rPois  .         rRot     .     (helmet restricted)
rElec  .         Spirit   .     (no cloak)
SustAb .         Warding  .     d - +0 pair of gloves
rMut   .         Stasis   .     l - +0 pair of boots
Gourm  .                        (no amulet)
MR     .....                    (no ring)
                                (no ring)

@: very slightly contaminated, not resistant to hostile enchantments, unstealthy
A: unfitting armour, cold-blooded, AC +5
a: Renounce Religion


You were on level 3 of the Dungeon.
You worshipped Dithmenos.
Dithmenos was noncommittal.
You were not hungry.

You visited 1 branch of the dungeon, and saw 3 of its levels.

You collected 151 gold pieces.

Inventory:

Hand weapons
 a - a +0 dagger (weapon)
 g - a +0 short sword
 m - a +2 short sword of draining
Armour
 d - a +0 pair of gloves (worn)
 l - a +0 pair of boots (worn)
Magical devices
 q - a wand of magic darts (8)
Comestibles
 c - 3 bread rations
 i - a meat ration
Scrolls
 j - 2 scrolls of blinking
Jewellery
 o - a +2 ring of evasion {unknown}
 p - an uncursed ring of stealth {unknown}
Potions
 e - a potion of curing
 f - a potion of lignification {unknown}
 h - a potion of restore abilities {unknown}
 k - a potion of agility {unknown}
 n - a potion of degeneration {unknown}
Books
 b - a Young Poisoner's Handbook

   Spells                             Type                      Level
   *Sting                             Conjuration/Poison           1
   Cure Poison                        Poison                       2
   Mephitic Cloud                     Conjuration/Poison/Air       3
   Olgreb's Toxic Radiance            Poison                       4
   Venom Bolt                         Conjuration/Poison           5


   Skills:
 - Level 3.3 Short Blades
 - Level 1.7 Dodging
 - Level 1.7 Stealth
 - Level 3.0 Spellcasting
 + Level 5.3 Poison Magic


You had 9 spell levels left.
You knew the following spells:

 Your Spells              Type           Power        Failure   Level  Hunger
a - Sting                 Conj/Pois      ##..         10%         1    #......


Dungeon Overview and Level Annotations

Branches:
Dungeon (3/15)

Altars:
Dithmenos
Fedhas


Innate Abilities, Weirdness & Mutations

Your plain brown scales are hard (AC +5).
Your body does not fit into most forms of armour.
Your cold-blooded metabolism reacts poorly to cold.


Message History

Drink which item? (? for menu, Esc to quit)
You feel better.
It was a potion of curing.
The sky beast hits you.
* * * LOW HITPOINT WARNING * * *
The sky beast shocks you.
* * * LOW HITPOINT WARNING * * *
Unknown command.
The sky beast flickers out of sight!
Deactivating autopickup; reactivate with Ctrl-A.
A sky beast appears from thin air!
Reactivating autopickup.
Things that are here:
a robe; a dagger
Things that are here:
a robe; a dagger You see here a throwing net.
The sky beast flickers out of sight!
Deactivating autopickup; reactivate with Ctrl-A.
There is a stone staircase leading up, spattered with blood here.
Something hits you.
You die...

#.....>.###########.. #......
..#####.............. ##.###. ..#
#.##########... ... #. ..# #.#
#..# #### #. #.# #.# #..# #.
#.#####.# #..# ##.# #.......#
#..# #.#
####.#############..###########.#
#...[..(.....@#.(........####.
#.###########)([[......#.≈....
#.# ###.#..###.##.###. #.#
#.##.###..#.##.. #.#
#.......)....#.. #.###
#..####.####.#.. #...#
#..##.....##.#.. ###.#
#..#...)...#.#.. #.#
#..#.......#.#..


There were no monsters in sight!

Vanquished Creatures
  2 orc wizards
  2 adders (D:2)
  7 gnolls
  2 worms (D:2)
  2 giant geckos (D:1)
  5 orcs
  2 ball pythons
  A giant cockroach (D:3)
  3 goblins
  4 hobgoblins
  4 kobolds
  A quokka (D:2)
  7 bats
  3 giant newts (D:1)
  2 rats
47 creatures vanquished.

Vanquished Creatures (others)
  An orc wizard (D:3)
1 creature vanquished.

Grand Total: 48 creatures vanquished

Notes
Turn   | Place    | Note
--------------------------------------------------------------
     0 | D:1      | Moloch, the Draconian Venom Mage, began the quest for the Orb.
     0 | D:1      | Reached XP level 1. HP: 14/14 MP: 3/3
   282 | D:1      | Reached XP level 2. HP: 20/20 MP: 2/4
   836 | D:2      | Reached skill level 5 in Poison Magic
   836 | D:2      | Reached XP level 3. HP: 26/26 MP: 1/6
   972 | D:2      | Reached skill level 1 in Short Blades
  1278 | D:2      | Reached XP level 4. HP: 33/33 MP: 4/8
  1883 | D:3      | Found a shadowy altar of Dithmenos.
  2485 | D:2      | Reached XP level 5. HP: 21/38 MP: 0/10
  3016 | D:3      | Became a worshipper of Dithmenos the Shadowed
  3052 | D:3      | Found a blossoming altar of Fedhas.
  3076 | D:3      | Noticed a sky beast
  3124 | D:3      | Slain by a sky beast

Action                   |  1- 3 |  4- 6 || total
-------------------------+-------+-------++-------
Melee: Dagger            |    40 |    27 ||    67
 Cast: Sting             |    43 |    76 ||   119
  Use: Scroll            |     2 |     4 ||     6
       Potion            |       |     1 ||     1
 Stab: Sleeping          |       |     1 ||     1
